 Dungeon Crawl Stone Soup version 0.31-a0-232-gb1c03b2570 (webtiles) character file.

Game seed: 8571162767291113250

29 qw the Shooter (level 3, -2/29 HPs)
             Began as a Minotaur Hexslinger on July 7, 2023.
             Slain by Natasha (5 damage)
             ... on level 2 of the Dungeon.
             The game lasted 00:00:19 (608 turns).

qw the Shooter (Minotaur Hexslinger)                 Turns: 608, Time: 00:00:20

Health: -2/29      AC:  2    Str: 12    XL:     3   Next: 1%
Magic:  3/3        EV: 12    Int: 10    God:
Gold:   71         SH:  0    Dex: 14    Spells: 3/4 levels left

rFire   . . .        Y - +1 sling
rCold   . . .        (no shield)
rNeg    . . .        c - +0 robe
rPois   .            (helmet restricted)
rElec   .            (no cloak)
rCorr   .            (no gloves)
SInv    .            (no boots)
Will    .....        (no amulet)
Stlth   +            (no ring)
HPRegen 0.24/turn    (no ring)
MPRegen 0.08/turn

%: no passive effects
@: no status effects
A: horns 2, retaliatory headbutt
a: no special abilities


You were on level 2 of the Dungeon.
You visited 1 branch of the dungeon, and saw 2 of its levels.

You collected 71 gold pieces.


Innate Abilities, Weirdness & Mutations

You have a pair of horns on your head.
You reflexively headbutt those who attack you in melee.


   Skills:
 - Level 2.0 Fighting
 + Level 3.6 Ranged Weapons
 - Level 2.1 Dodging
 - Level 1.0 Spellcasting
 - Level 2.0 Hexes


You had 3 spell levels left.
You knew the following spells:

 Your Spells              Type           Power      Damage    Failure   Level
a - Slow                  Hex            16%        N/A       16%         1

Your spell library contained the following spells:

 Spells                   Type           Power      Damage    Failure   Level
 Inner Flame              Hex/Fire       2%         N/A       56%         3
 Portal Projectile        Hex/Tloc       4%         N/A       56%         3
 Cause Fear               Hex            2%         N/A       83%         4

Inventory:

Hand Weapons
 Y - a +1 sling (weapon)
Armour
 c - a +0 robe (worn)
Scrolls
 a - 3 scrolls of identify
Potions
 b - a potion of invisibility {unknown}
 g - a potion of might
 h - a potion of heal wounds

Dungeon Overview and Level Annotations

Branches:
Dungeon (2/15)

Altars:

Shops:
D:2 =*

Annotations:
D:1 2 transporters
D:2 Natasha


Message History

Found a potion of brilliance.
Natasha, Servant of Life and Death comes into view.
Natasha hisses angrily.
Natasha casts a spell at you. The magic dart hits you.
Enter note:
590 ||| FLEEEEING.
Enter note:
591 ||| STILL FLEEEEING.
592 ||| STILL FLEEEEING.
593 ||| STILL FLEEEEING.
594 ||| STILL FLEEEEING.
595 ||| STILL FLEEEEING.
596 ||| FLEEEEING.
597 ||| STILL FLEEEEING.
598 ||| STILL FLEEEEING.
Found a gold piece.
599 ||| FLEEEEING.
Enter note: You start resting.
Natasha is nearby!
You shoot a sling bullet.
The sling bullet closely misses Natasha.
You shoot a sling bullet.
The sling bullet hits Natasha but does no damage.
Natasha barely misses you. You furiously retaliate!
You headbutt Natasha. You shoot a sling bullet.
The sling bullet barely misses Natasha.
Natasha claws you!
You shoot a sling bullet. The sling bullet hits Natasha.
Natasha is moderately wounded.
Natasha claws you.
You shoot a sling bullet. The sling bullet hits Natasha.
Natasha is heavily wounded.
Natasha claws you.
You shoot a sling bullet. The sling bullet hits Natasha.
Natasha is severely wounded.
Natasha claws you.
You shoot a sling bullet.
The sling bullet closely misses Natasha.
Natasha claws you! Natasha claws you.
You die...

###h### ####### ....
####.### #......
...####......# #!.....
#....8.\h<.8.# #....~~
.#...###.##.#.###.#..~¤
# .. ..
#.##..........~¤
.....#.
#.####.###......
.....#>##......#
#......
#.##...@h.######
####### .....#.##.#
#.....%##.# . ...##...#
#.#.# #%### .$.. #.#
... #.# # .. #.# .# ...
#.#


You could see Natasha.

Vanquished Creatures
  An adder (D:2)
  3 ball pythons (D:1)
  3 bats (D:1)
  An endoplasm (D:2)
  2 hobgoblins
  4 kobolds
  A frilled lizard (D:1)
  4 rats
19 creatures vanquished.

Notes
Turn   | Place    | Note
-------+----------+-------------------------------------------
     0 | D:1      | qw the Minotaur Hexslinger began the quest for the Orb.
     0 | D:1      | Reached XP level 1. HP: 16/16 MP: 1/1
     0 | D:1      | 0 ||| qw: Version: 0.3-a-46-gb1f654a
     0 | D:1      | 0 ||| qw: Game counter: 2377
     0 | D:1      | 0 ||| qw: Melee chars always use a shield: true
     0 | D:1      | 0 ||| qw: God list: Okawaru
     0 | D:1      | 0 ||| qw: Allow faded altars: false
     0 | D:1      | 0 ||| qw: Do Orc after clearing Dungeon:15 true
     0 | D:1      | 0 ||| qw: Do second Lair branch before Depths: true
     0 | D:1      | 0 ||| qw: Lair rune preference: random
     0 | D:1      | 0 ||| qw: Goals: Normal
     0 | D:1      | 0 ||| PLANNING D:1-11
   219 | D:1      | Reached skill level 3 in Ranged Weapons
   232 | D:1      | Reached XP level 2. HP: 23/23 MP: 2/2
   456 | D:1      | 456 ||| READING 6 scrolls labelled MOMILI YFYS.
   457 | D:1      | 457 ||| DRINKING 2 viscous purple potions.
   462 | D:1      | 462 ||| DRINKING 2 sapphire potions.
   463 | D:1      | 463 ||| READING 5 scrolls of identify.
   463 | D:1      | 463 ||| IDENTIFYING golden potion
   464 | D:1      | 464 ||| READING 4 scrolls of identify.
   464 | D:1      | 464 ||| IDENTIFYING coppery potion
   465 | D:1      | 465 ||| READING 3 scrolls of identify.
   465 | D:1      | 465 ||| IDENTIFYING inky potion
   466 | D:1      | 466 ||| DROPPING scroll of poison.
   467 | D:1      | 467 ||| DROPPING potion of brilliance.
   468 | D:1      | 468 ||| DROPPING potion of ambrosia.
   469 | D:1      | 469 ||| DROPPING potion of attraction.
   555 | D:2      | Reached XP level 3. HP: 28/29 MP: 3/3
   562 | D:2      | Found Viryu's Jewellery Emporium.
   570 | D:2      | 570 ||| SHOPLISTING +6 ring of dexterity (396 gold, have
                  | 71).
   570 | D:2      | 570 ||| SHOPLISTING amulet of reflection (330 gold, have
                  | 71).
   570 | D:2      | 570 ||| SHOPLISTING amulet of regeneration (330 gold, have
                  | 71).
   570 | D:2      | 570 ||| SHOPLISTING ring "Meen" {Wiz rCorr Int+2 Slay+2}
                  | (607 gold, have 71).
   570 | D:2      | 570 ||| SHOPLISTING ring of fire (275 gold, have 71).
   577 | D:2      | Found Ysuput's General Store.
   589 | D:2      | Noticed Natasha
   590 | D:2      | 590 ||| FLEEEEING.
   596 | D:2      | 596 ||| FLEEEEING.
   599 | D:2      | 599 ||| FLEEEEING.
   608 | D:2      | HP: 3/29 [Natasha (8)]
   608 | D:2      | Slain by Natasha

Levels and vault maps discovered:
D:1:      spicycebolla_arrival_transporter_tutorial, layout_rooms
D:2:      layout_loops_cross, basic_altar, serial_shops, shop,
          nicolae_shop_tiny_statue_garden, shop_statue, nicolae_shop_stone,
          nicolae_shop_peninsula, minmay_misc_feat_diagonals, kennysheep_nub,
          corexii_corridor_pit, uniq_natasha

Skill      XL: |  1  2 |
---------------+-------+-----
Ranged Weapons | 3 |  3.6
Fighting       | 2 |  2.0
Dodging        | |  2.1
Spellcasting   | |  1.0
Hexes          | |  2.0

Action                     || total
---------------------------++-------
   Fire: Sling             ||    55
    Use: Scroll            ||     4
         Potion            ||     2
 Armour: Robe              ||     5
  Dodge: Dodged            ||     8

Table legend:
 A = Non-vault XP
 B = Vault XP
 C = Vault XP percentage of total XP
 D = Non-vault monster count
 E = Vault monster count
 F = Vault count percentage of total count
                 A         B        C        D         E       F
            +---------+---------+-------+---------+---------+-------
      Total |      42 |       0 |   0.0 |      19 |       0 |   0.0
            +---------+---------+-------+---------+---------+-------
        D:1 |      22 |       0 |   0.0 |      14 |       0 |   0.0
        D:2 |      20 |       0 |   0.0 |       5 |       0 |   0.0
            +---------+---------+-------+---------+---------+-------
